Map: Dasan Station LE

Players

LeMafieu

  • Race: Terran Terran
  • League: Silver

Gracz - Winner!

  • Race: Terran Terran
  • League: Silver

VOD

Have the link to the VOD?

Description

Time

  • Played on: Sept. 25, 2016, 11:06 a.m.
  • Length: 8:14
Show
View Real Time Build Order
Export as new Build Order

LeMafieu Terran 

Build Orders: 1/1/1 

Get SALT Encoding   

  12  0:01  SCV  
  13  0:13  SCV  
  14  0:19  Refinery  
  14  0:25  SCV  
  14  0:27  Supply Depot  
  15  0:48  SCV  
  16  0:50  Barracks  
  16  0:59  Refinery  
  16  1:00  SCV  
  17  1:13  SCV  
  18  1:25  SCV  
  19  1:40  Factory, Orbital Command  
  19  1:44  Marine  
  20  1:54  Supply Depot  
  20  2:02  Marine  
  20  2:06  SCV  
  22  2:17  Supply Depot  
  22  2:18  SCV  
  22  2:19  Marine  
  24  2:25  Starport  
  24  2:31  SCV  
  25  2:37  Factory Tech Lab  
  25  2:40  Marine  
  25  2:43  SCV  
  27  2:55  SCV  
  31  2:58  Marine  
  29  3:07  SCV  
  29  3:11  Factory Tech Lab  
  30  3:19  SCV  
  31  3:20  Banshee  
  31  3:26  Barracks Tech Lab  
  34  3:30  Supply Depot  
  34  3:38  Siege Tank  
  37  3:50  Command Center  
  37  3:52  Supply Depot  
  37  3:53  Marine  
  38  3:56  Stimpack  
  38  4:11  Siege Tank  
  38  4:16  Supply Depot  
  41  4:25  Marine  
  42  4:39  SCV  
  43  5:02  Siege Tank  
  43  5:04  Banshee  
  49  5:09  Refinery  
  49  5:15  SCV  
  50  5:27  Orbital Command  
  50  5:28  SCV  
  51  5:34  Engineering Bay  
  51  5:35  Refinery  
  51  5:40  SCV  
  51  5:41  Barracks  
  52  5:47  Banshee  
  55  6:00  Engineering Bay  
  55  6:08  SCV  
  55  6:09  SCV  
  57  6:21  SCV x2  
  53  6:32  Medivac  
  49  6:33  SCV x2  
  51  6:45  SCV x2  
  53  6:56  Siege Tank  
  53  6:57  SCV  
  57  7:02  Medivac  
  56  7:08  Barracks Tech Lab  
  56  7:21  Barracks  
  56  7:26  Barracks  
  56  7:27  Barracks  
  56  7:29  Barracks, Siege Tank  
  56  7:30  Barracks  
  56  7:32  Medivac  
  60  8:10  Command Center  
Show
View Real Time Build Order
Export as new Build Order

Gracz Terran - Winner!

Build Orders:  

Get SALT Encoding   

  12  0:01  SCV  
  13  0:17  Supply Depot, SCV  
  14  0:31  SCV  
  15  0:36  Refinery  
  15  0:42  Supply Depot  
  15  0:44  SCV  
  16  1:07  Barracks  
  16  1:08  SCV  
  17  1:15  Barracks  
  17  1:21  SCV  
  18  1:33  SCV  
  19  1:41  Engineering Bay  
  19  1:44  Engineering Bay  
  19  1:46  SCV  
  20  1:57  Marine  
  20  1:58  SCV  
  22  2:06  Marine  
  23  2:16  Refinery  
  23  2:35  Marine  
  25  2:42  Barracks Tech Lab  
  24  2:51  Factory  
  24  2:55  Barracks Reactor  
  24  2:56  Barracks  
  23  3:24  Stimpack  
  23  3:36  Command Center  
  23  3:38  Starport  
  23  3:39  Factory Tech Lab  
  23  3:52  SCV  
  23  3:54  Barracks Reactor  
  24  4:04  SCV  
  24  4:07  Marine x2, Marauder  
  30  4:17  Starport Reactor  
  30  4:24  Orbital Command  
  30  4:25  Marine  
  30  4:34  Supply Depot  
  30  4:40  Marine  
  30  4:44  Marine  
  31  4:48  Marauder  
  31  4:59  Marine  
  30  5:00  Marine  
  30  5:09  Marine  
  30  5:17  Medivac x2, Marine  
  35  5:27  Marauder  
  37  5:48  Marauder  
  39  5:54  Marine  
  39  5:55  Marine x3  
  43  6:01  Concussive Shells  
  43  6:10  Marauder  
  43  6:11  Medivac x2  
  49  6:12  Marine  
  49  6:13  Marine x3  
  46  6:31  Marauder  
  39  6:50  SCV  
  39  6:53  Marauder  
  40  7:31  Marine x3  
  40  7:32  Marauder  
  40  7:34  Marine  
  40  7:36  Medivac x2  
  50  7:43  Starport  
  50  7:49  Marine x3  
Tags
 
Add a new tag
Caveats
  • Supply blocks, unpowered buildings, or Contaminate may cause inaccurate times.
  • Supply counts are checked every 10 seconds.